 Dungeon Crawl Stone Soup version 0.31.0-32-g396128a36d (webtiles) character file.

Game seed: 15458092598086020406

211254 Tovical the Warrior (level 18, -12/131 HPs)
             Began as a Gargoyle Fighter on Mar 21, 2024.
             Was a High Priest of Okawaru.
             Killed from afar by Roxanne (57 damage)
             ... with an iron shot
             ... on level 15 of the Dungeon on Mar 22, 2024.
             The game lasted 02:30:46 (32581 turns).

Tovical the Warrior (Gargoyle Fighter)             Turns: 32581, Time: 02:30:49

Health: -12/131    AC: 54    Str: 28      XL:     18   Next: 36%
Magic:  22/22      EV: 11    Int: 11      God:    Okawaru [*****.]
Gold:   1897       SH:  0    Dex:  5 (7)  Spells: 17/17 levels left

rFire   + + .        b - +3 dire flail (vamp)
rCold   + + .        (shield currently unavailable)
rNeg    + . .        Y - +9 scales of the Dragon King {rPois rF+ rC+ Will+}
rPois   ∞            f - +2 helmet
rElec   +            T - scarf {rC+ rF+}
rCorr   +            Z - +2 pair of gloves {hurl}
SInv    .            z - +2 pair of boots
Will    ++...        Q - amulet of regeneration Stlth
                     q - ring of resist corrosion
HPRegen 1.21/turn    M - ring "Ymiexykk" {EV+5 Str+2 Dex-2 Slay+5}
MPRegen 0.18/turn

%: no passive effects
@: about to teleport, flying
A: sickness immunity, AC +13, big wings, negative energy resistance 1,
electricity resistance, torment resistance 1, petrification resistance
}: 2/15 runes: decaying, gossamer
a: Renounce Religion, Heroism, Finesse, Duel


You were on level 15 of the Dungeon.
You worshipped Okawaru.
Okawaru was extremely pleased with you.
You visited 6 branches of the dungeon, and saw 31 of its levels.
You also visited: Sewer.

You collected 2674 gold pieces.
You spent 777 gold pieces at shops.

Inventory:

Hand Weapons
 a - the +0 great mace "Atomut" {flame, Dex+7}
   (You found it on level 2 of the Lair of Beasts)

   Dex+7:     It affects your dexterity (+7).
 b - a +3 vampiric dire flail (weapon)
 c - a +2 eveningstar of freezing
Missiles
 p - 3 darts of dispersal
 D - 7 silver javelins
 E - 2 curare-tipped darts
 K - 29 boomerangs (quivered)
 N - 4 javelins
 P - 2 atropa-tipped darts
 S - 3 throwing nets
Armour
 f - a +2 helmet (worn)
 z - a +2 pair of boots (worn)
 T - a scarf of resistance (worn)
 Y - the +9 scales of the Dragon King (worn) {rPois rF+ rC+ Will+}
   (You found it on level 3 of the Swamp)

   rF+:       It protects you from fire.
   rC+:       It protects you from cold.
   rPois:     It protects you from poison Will+: It increases your willpower.
 Z - a +2 pair of gloves of hurling (worn)
Jewellery
 q - a ring of resist corrosion (left hand)
 u - a ring of protection from fire
 x - a ring of ice
 M - the ring "Ymiexykk" (right hand) {EV+5 Str+2 Dex-2 Slay+5}
   (You found it on level 5 of the Lair of Beasts)

   [ring of evasion]

   EV+5:      It affects your evasion (+5).
   Str+2:     It affects your strength (+2).
   Dex-2:     It affects your dexterity (-2).
   Slay+5:    It affects your accuracy & damage with ranged weapons and melee
   (+5).
 Q - an amulet of regeneration (around neck)
Wands
 d - a wand of paralysis (52)
 s - a wand of quicksilver (26)
 B - a wand of digging (7)
 G - a wand of mindburst (16)
 H - a wand of roots (8)
Scrolls
 l - 2 scrolls of silence
 t - 3 scrolls of teleportation
 y - 3 scrolls of fear
 F - 2 scrolls of poison
 J - 3 scrolls of revelation
 O - 2 scrolls of fog
 V - 8 scrolls of identify
Potions
 e - 7 potions of enlightenment
 g - 8 potions of curing
 i - 2 potions of cancellation
 j - 3 potions of attraction
 m - 3 potions of mutation
 n - 5 potions of might
 o - 3 potions of haste
 v - 5 potions of heal wounds
 A - 2 potions of resistance
 I - 15 potions of ambrosia
 R - a potion of magic


   Skills:
 + Level 20.9 Fighting
 - Level 14.0 Maces & Flails
 + Level 14.2 Throwing
 - Level 16.0 Armour
 + Level 10.1 Stealth
 - Level 3.2 Shields
 - Level 6.0 Invocations


You had 17 spell levels left.
You didn't know any spells.
Your spell library contained the following spells:

 Spells                   Type           Power      Damage    Failure   Level
 Kiss of Death            Conj/Necr      0%         2d5       99%         1
 Sandblast                Erth           0%         2d4       99%         1
 Scorch                   Fire           0%         2d5       100%        2
 Confusing Touch          Hex            0%         N/A       100%        3
 Dazzling Flash           Conj/Hex       0%         N/A       100%        3
 Inner Flame              Hex/Fire       0%         N/A       100%        3
 Passwall                 Erth           0%         N/A       100%        3
 Stone Arrow              Conj/Erth      0%         3d7       100%        3
 Volatile Blastmotes      Fire/Tloc      0%         2d10      100%        3
 Brom's Barrelling Bould  Conj/Erth      0%         2d3       100%        4
 Dispel Undead            Necr           0%         3d6       100%        4
 Flame Wave               Conj/Fire      0%         2d4       100%        4
 Ignite Poison            Fire/Alch      0%         N/A       100%        4
 Sticky Flame             Fire/Alch      0%         2d4       100%        4
 Borgnjor's Vile Clutch   Necr/Erth      0%         N/A       100%        5
 Fireball                 Conj/Fire      0%         3d3       100%        5
 Iskenderun's Battlesphe  Conj           0%         2d6       100%        5
 Lee's Rapid Deconstruct  Erth           0%         3d4*      100%        5
 Conjure Ball Lightning   Conj/Air       0%         3x3d6     100%        6
 Starburst                Conj/Fire      0%         6d3       100%        6
 Orb of Destruction       Conj           0%         9d5       100%        7
 Discord                  Hex            0%         N/A       100%        8
 Disjunction              Tloc           0%         N/A       100%        8
 Ignition                 Fire           0%         3d3       100%        8
 Maxwell's Capacitive Co  Air            0%         ∞         100%        8
 Animate Armour           Summ/Erth      Unusable   N/A       N/A         4
 Animate Dead             Necr           Unusable   N/A       N/A         4
 Summon Lightning Spire   Summ/Air       Unusable   N/A       N/A         4
 Death Channel            Necr           Unusable   N/A       N/A         6
 Summon Cactus Giant      Summ           Unusable   N/A       N/A         6

Dungeon Overview and Level Annotations

Branches:
Dungeon (15/15)            Temple (1/1) D:4            Lair (5/5) D:9
  Swamp (4/4) Lair:3       Spider (4/4) Lair:3        Slime (0/5) Lair:5
    Orc (2/2) D:11            Elf (0/3) Orc:2         Sewer (visited)
 Vaults: D:13-14     Depths: D:15

Altars:
Ashenzari
Cheibriados
Dithmenos
Elyvilon
Fedhas
Gozag
Hepliaklqana
Kikubaaqudgha
Makhleb
Nemelex Xobeh
Okawaru
Qazlal
Ru
Sif Muna
Trog
Uskayaw
Vehumet
Wu Jian
Xom
Yredelemnul
Zin
The Shining One

Shops:
D:10 !   Orc:1 ?   Orc:2 =(*[(

Annotations:
D:15 Roxanne
Lair:2 exclusion: orange crystal statue
Lair:4 exclusion: downstairs
Lair:5 exclusion: 4 oklob plants
Swamp:1 2 transporters, xfalz's ghost, journeyman GnSk


Innate Abilities, Weirdness & Mutations

You are immune to sickness and miasma.
Your stone body is resilient. (AC +13)
You are immune to poison.
Your large and strong wings let you fly.
You resist negative energy. (rN+)
You are resistant to electric shocks. (rElec)
You are resistant to unholy torment.
You are immune to petrification.


Message History

You blink.
Roxanne mumbles some strange words.
The crystal spear hits you!!!
A slime creature comes into view.
The tengu conjurer casts a spell at you.
The bolt of lightning hits you. You resist.
You hear a shout! x7; You hear a bellow!
You hear a shout!
You hear an angry hiss.
You hear a shout!
Roxanne casts a spell.
The crystal spear hits you!!
You feel much better.
You feel much better.
Roxanne casts a spell.
The crystal spear hits you!!!
The tengu conjurer casts a spell at you.
The bolt of lightning hits you! You resist.
You hear an angry hiss.
You hear a shout!
As you read the scroll of teleportation, it crumbles to dust.
You feel strangely unstable.
A centaur warrior comes into view.
The centaur warrior shouts!
You hit Roxanne but do no damage. The tengu warrior closely misses you.
The tengu warrior completely misses you.
The tengu warrior claws you but does no damage.
A slime creature comes into view.
You closely miss the tengu warrior.
The tengu warrior hits you but does no damage.
The tengu warrior barely misses you.
The tengu warrior claws you but does no damage.
The tengu warrior blocks your attack.
Roxanne mumbles some strange words.
The iron shot hits you!!!
* * * LOW HITPOINT WARNING * * *
You feel much better. The tengu warrior slips past you!
The tengu warrior hits you but does no damage.
The tengu warrior pecks you but does no damage.
The tengu warrior claws you but does no damage.
Roxanne mumbles some strange words.
The iron shot hits you!!!
You die...

# ..
#.#########
#.c..Q....#
#.8@....#
#...Q...#
#...J...##
#?.......#
...####$....###
.......<....J..
.#.####.....###
##.......
#.......


You could see Roxanne, 2 slime creatures, a tengu warrior, a centaur warrior and
a tengu conjurer.

Vanquished Creatures
  Arachne (Spider:2)
  Jorgrun (Orc:2)
  2 thorn hunters (Swamp:4)
  A fenstrider witch (Swamp:4)
  The ghost of Seatz the Severer, a journeyman MiBe of Trog (Spider:2)
  Donald (Spider:1)
  7 emperor scorpions
  5 ghost moths (Spider:4)
  Louise (Swamp:3)
  The ghost of Situkk the Bludgeoner, a journeyman GrFi of Okawaru (Spider:2)
  4 broodmothers
  An orc warlord (Orc:2)
  3 eleionomae
  A spark wasp (Spider:4)
  3 bunyips
  2 shambling mangroves (Swamp:3)
  An ice dragon (Swamp:2)
  7 entropy weavers
  Fannar (D:12)
  Erolcha (Orc:2)
  A catoblepas (Lair:2)
  Harold (Orc:2)
  An ogre mage (Orc:1)
  3 ghost crabs (Swamp:4)
  17 hydras
  Erica (Orc:1)
  5 centaur warriors (D:13)
  3 alligators (Swamp:4)
  3 boulder beetles
  3 death yaks (Lair:4)
  2 radroaches (Spider:1)
  9 two-headed ogres
  3 demonic crawlers
  4 orc high priests (Orc:2)
  9 spriggans
  6 pharaoh ants
  6 skysharks
  8 goliath frogs
  14 swamp dragons
  9 orb spiders
  7 steelbarb worms
  7 bog bodies
  Pikel (D:4)
  4 orc knights
  14 wolf spiders
  A will-o-the-wisp (Swamp:2)
  3 orc sorcerers (Orc:2)
  2 cyclopes (D:12)
  3 moths of wrath
  A black mamba (shapeshifter) (D:14)
  6 elephants (Lair:1)
  2 kobold blastminers (Orc:2)
  3 meliai (Spider:4)
  2 manticores
  4 black mambas
  An ice statue (Swamp:2)
  4 torpor snails
  20 cane toads
  A freezing wraith (D:14)
  11 komodo dragons
  3 rime drakes
  6 kobold demonologists
  A queen bee (D:10)
  5 trolls
  12 tyrant leeches
  11 tarantellas
  9 hornets
  3 polar bears
  35 blink frogs
  16 slime creatures
  6 dream sheep
  25 jumping spiders
  25 culicivoras
  A shadow (D:11)
  33 yaks
  4 wyverns
  4 wargs
  2 wraiths (D:11)
  3 basilisks
  57 redbacks
  32 vampire mosquitoes
  4 steam dragons
  2 acid dragons
  11 swamp worms
  13 water moccasins
  25 orc warriors
  A sky beast (D:6)
  3 black bears
  8 swamp drakes
  An ice beast (D:8)
  8 ogres
  23 centaurs
  13 wolves
  7 kobold brigands
  3 lemures
  20 bullfrogs
  3 scorpions
  3 wights (D:7)
  29 killer bees
  5 bombardier beetles
  3 electric eels
  5 howler monkeys
  A hound (D:5)
  4 jellies
  13 orc priests
  2 gnoll boudas
  Ijyb (D:3)
  4 iguanas
  30 orc wizards
  Robin (D:4)
  9 gnolls
  11 adders
  A river rat (Sewer)
  2 shadow imps
  A white imp (D:8)
  5 dart slugs
  4 ribbon worms (Sewer)
  59 orcs
  4 endoplasms
  7 giant cockroaches
  9 goblins
  8 hobgoblins
  A jackal (D:5)
  32 kobolds
  6 quokkas
  11 ball pythons
  9 bats
  8 frilled lizards
  10 rats
986 creatures vanquished.

Vanquished Creatures (others)
  A hydra (Swamp:4)
  6 bloated husks
  An orc (Orc:2)
  6 foxfires (Swamp:2)
14 creatures vanquished.

Grand Total: 1000 creatures vanquished

Notes
Turn   | Place    | Note
-------+----------+-------------------------------------------
     0 | D:1      | Tovical the Gargoyle Fighter began the quest for the Orb.
     0 | D:1      | Reached XP level 1. HP: 14/14 MP: 1/1
   165 | D:1      | Reached XP level 2. HP: 17/19 MP: 2/2
   362 | D:1      | Reached XP level 3. HP: 12/24 MP: 3/3
   793 | D:3      | Reached skill level 4 in Fighting
   876 | D:3      | Reached XP level 4. HP: 29/29 MP: 4/4
   883 | D:3      | Found a glowing drain.
   887 | Sewer    | Entered a sewer
  1141 | Sewer    | Reached XP level 5. HP: 32/34 MP: 5/5
  1180 | Sewer    | Noticed a kobold brigand
  1206 | Sewer    | Killed a kobold brigand
  1555 | D:2      | Reached XP level 6. HP: 36/40 MP: 6/6
  1704 | D:2      | Reached skill level 5 in Fighting
  1949 | D:2      | Found an ornate altar of the Wu Jian Council.
  2153 | D:3      | Reached skill level 1 in Throwing
  2153 | D:3      | Reached skill level 5 in Armour
  2776 | D:5      | Entered Level 5 of the Dungeon
  2835 | D:4      | Noticed Pikel
  2958 | D:5      | Reached XP level 7. HP: 39/44 MP: 7/7
  3186 | D:5      | Reached skill level 6 in Fighting
  3220 | D:5      | Reached skill level 5 in Maces & Flails
  3220 | D:5      | Reached XP level 8. HP: 51/51 MP: 8/8
  3244 | D:5      | Identified the +0 scale mail of Ybbimieb {Harm}
  3713 | D:4      | Noticed Ijyb
  3723 | D:3      | Paralysed by Ijyb for 2 turns
  3733 | D:3      | Killed Ijyb
  3789 | D:4      | Found a staircase to the Ecumenical Temple.
  3796 | Temple   | Entered the Ecumenical Temple
  3813 | Temple   | Became a worshipper of Warmaster Okawaru
  4812 | D:6      | Reached * piety under Okawaru
  4837 | D:6      | Reached skill level 7 in Fighting
  4848 | D:6      | Reached XP level 9. HP: 52/57 MP: 9/9
  5060 | D:6      | Found a basalt altar of Yredelemnul.
  6126 | D:8      | Reached ** piety under Okawaru
  6127 | D:8      | Reached skill level 5 in Throwing
  6146 | D:8      | Found a shimmering blue altar of Sif Muna.
  6288 | D:8      | Reached skill level 8 in Fighting
  6895 | D:4      | Noticed Robin
  6912 | D:4      | Killed Robin
  7141 | D:4      | Killed Pikel
  7142 | D:4      | Reached XP level 10. HP: 65/65 MP: 10/10
  7274 | D:9      | Reached *** piety under Okawaru
  7456 | D:10     | Entered Level 10 of the Dungeon
  7523 | D:9      | Found a staircase to the Lair.
  7921 | D:9      | Reached skill level 9 in Fighting
  8427 | D:9      | Reached **** piety under Okawaru
  8504 | Lair:1   | Entered Level 1 of the Lair of Beasts
  8511 | Lair:1   | Noticed a black mamba
  8522 | Lair:1   | Killed a black mamba
  8597 | Lair:1   | Noticed an elephant
  8615 | Lair:1   | Killed an elephant
  8847 | Lair:1   | Reached XP level 11. HP: 72/72 MP: 11/11
  8893 | Lair:1   | Reached ***** piety under Okawaru
  8894 | Lair:1   | Reached skill level 10 in Fighting
  8937 | Lair:1   | Reached skill level 10 in Armour
  9431 | Lair:1   | Found a glowing golden altar of the Shining One.
  9627 | Lair:1   | Received a gift from Okawaru
 10151 | Lair:1   | Reached skill level 11 in Fighting
 10400 | Lair:2   | Identified the +0 great mace "Atomut" {flame, Dex+7}
 10417 | Lair:3   | Noticed a four-headed hydra
 10639 | Lair:2   | Received a gift from Okawaru
 10645 | Lair:2   | Noticed an orange crystal statue
 10712 | Lair:2   | Reached skill level 10 in Maces & Flails
 10727 | Lair:2   | Reached XP level 12. HP: 73/80 MP: 12/12
 10861 | Lair:2   | Noticed a catoblepas
 10872 | Lair:2   | Killed a catoblepas
 11254 | Lair:2   | Noticed a skyshark
 11266 | Lair:2   | Killed a skyshark
 11482 | Lair:3   | Killed a four-headed hydra
 11518 | Lair:3   | Found a hole to the Spider Nest.
 11613 | Lair:3   | Reached skill level 12 in Fighting
 11876 | Lair:3   | Identified the ring of the Death Scarab {rPois EV+5}
 11882 | Lair:3   | Found a staircase to the Swamp.
 11959 | Lair:3   | Noticed a skyshark
 11968 | Lair:3   | Killed a skyshark
 12076 | Lair:4   | Noticed a five-headed hydra
 12083 | Lair:4   | Killed a five-headed hydra
 12085 | Lair:4   | Noticed a six-headed hydra
 12547 | Lair:4   | Killed a six-headed hydra
 12660 | Lair:5   | Entered Level 5 of the Lair of Beasts
 12660 | Lair:5   | Noticed an eight-headed hydra
 12700 | Lair:4   | Noticed a skyshark
 12718 | Lair:4   | Killed a skyshark
 12718 | Lair:4   | Received a gift from Okawaru
 12787 | Lair:4   | Reached XP level 13. HP: 26/87 MP: 13/13
 13062 | Lair:5   | Found a staircase to the Slime Pits.
 13154 | Lair:4   | Reached skill level 13 in Fighting
 13221 | Lair:4   | Identified the +0 rapier of Yredelemnul's Envy {distort,
                  | *Slow Str+5}
 13439 | Lair:4   | Reached skill level 1 in Invocations
 15391 | Lair:4   | Received a gift from Okawaru
 15434 | Lair:5   | Reached skill level 14 in Fighting
 15790 | Lair:5   | Reached skill level 5 in Invocations
 16050 | Lair:5   | Gained mutation: Your large and strong wings let you fly.
                  | [Gargoyle growth]
 16050 | Lair:5   | Reached XP level 14. HP: 96/96 MP: 17/17
 16557 | Lair:5   | Received a gift from Okawaru
 16608 | Lair:5   | Identified the staff of Dissent {rPois rC+ Will+ Int+3
                  | Conj}
 16698 | Lair:5   | Identified the ring "Ymiexykk" {EV+5 Str+2 Dex-2 Slay+5}
 17536 | D:10     | Found a broken altar of Ashenzari.
 17536 | D:10     | Found a white marble altar of Elyvilon.
 17542 | D:10     | Found a hide-covered altar of Uskayaw.
 17548 | D:10     | Found a glowing golden altar of the Shining One.
 17550 | D:10     | Found a burning altar of Makhleb.
 17555 | D:10     | Found a stormy altar of Qazlal.
 17576 | D:10     | Found Nuicean's Distillery.
 17860 | D:10     | Bought a potion of curing for 42 gold pieces
 17860 | D:10     | Bought a potion of might for 56 gold pieces
 17860 | D:10     | Bought a potion of curing for 42 gold pieces
 17860 | D:10     | Bought 2 potions of might for 112 gold pieces
 18470 | D:11     | Found a staircase to the Orcish Mines.
 18978 | Orc:1    | Entered Level 1 of the Orcish Mines
 19000 | Orc:1    | Reached skill level 15 in Fighting
 19021 | Orc:1    | Found Pulu Ramp's Magic Scroll Emporium.
 19041 | Orc:1    | Bought a scroll of fear for 60 gold pieces
 19041 | Orc:1    | Bought a scroll of teleportation for 45 gold pieces
 19041 | Orc:1    | Bought a scroll of teleportation for 45 gold pieces
 19049 | Orc:2    | Entered Level 2 of the Orcish Mines
 19116 | Orc:1    | Noticed Erica
 19126 | Orc:1    | Killed Erica
 19220 | Orc:2    | Found Piykhlily's Weapon Shoppe.
 19253 | Orc:2    | Noticed Erolcha
 19268 | Orc:2    | Killed Erolcha
 19315 | Orc:2    | Reached skill level 15 in Armour
 20100 | Orc:2    | Noticed an orc warlord
 20135 | Orc:2    | Killed an orc warlord
 20678 | Orc:2    | Found Havau's General Store.
 20679 | Orc:2    | Found Soppegg's Jewellery Emporium.
 20681 | Orc:2    | Found Ikhlulugh's Antique Armour Shoppe.
 20681 | Orc:2    | Found Mutigg's Antique Weapon Shoppe.
 20708 | Orc:2    | Bought a ring of protection from fire for 375 gold pieces
 20758 | Orc:2    | Found a staircase to the Elven Halls.
 20810 | Orc:2    | Reached XP level 15. HP: 103/103 MP: 19/19
 20948 | Orc:1    | Received a gift from Okawaru
 21100 | Orc:1    | Noticed Jorgrun
 21100 | Orc:1    | Noticed Harold
 21114 | Orc:2    | Killed Jorgrun
 21165 | Orc:2    | Reached skill level 16 in Fighting
 21217 | Orc:2    | Killed Harold
 21250 | Orc:1    | Paralysed by something for 5 turns
 21572 | Swamp:1  | Entered Level 1 of the Swamp
 21821 | Swamp:1  | Found a transporter.
 21869 | Swamp:1  | Found a transporter.
 21873 | Swamp:1  | Noticed xfalz's ghost (journeyman GnSk)
 21950 | Swamp:1  | Reached ****** piety under Okawaru
 22227 | Swamp:1  | Found a glowing golden altar of the Shining One.
 22402 | Swamp:2  | Received a gift from Okawaru
 22703 | Swamp:2  | Reached skill level 17 in Fighting
 23456 | Swamp:4  | Entered Level 4 of the Swamp
 23688 | Swamp:4  | Reached skill level 10 in Throwing
 23709 | Swamp:4  | Received a gift from Okawaru
 23734 | Swamp:4  | Reached XP level 16. HP: 106/113 MP: 20/20
 23852 | Swamp:4  | Noticed a fenstrider witch
 23879 | Swamp:4  | Killed a fenstrider witch
 23957 | Swamp:4  | Noticed a thorn hunter
 24008 | Swamp:4  | Killed a thorn hunter
 24166 | Swamp:4  | Reached skill level 18 in Fighting
 24258 | Swamp:3  | Noticed Louise
 24347 | Swamp:4  | Noticed a thorn hunter
 24363 | Swamp:4  | Killed a thorn hunter
 24369 | Swamp:4  | Received a gift from Okawaru
 24622 | Swamp:4  | Got a decaying rune of Zot
 25290 | Swamp:3  | Found the +9 scales of the Dragon King {rPois rF+ rC+
                  | Will+}
 25420 | Swamp:3  | Killed Louise
 25675 | Spider:1 | Entered Level 1 of the Spider Nest
 25970 | Spider:1 | Received a gift from Okawaru
 26022 | Spider:1 | Reached skill level 19 in Fighting
 26313 | Spider:1 | Reached skill level 1 in Stealth
 26323 | Spider:2 | Noticed Donald
 26349 | Spider:1 | Killed Donald
 26592 | Spider:2 | Noticed Arachne
 26625 | Spider:2 | Killed Arachne
 26813 | Spider:2 | Reached XP level 17. HP: 122/122 MP: 21/21
 27354 | Spider:2 | Found a runed translucent gate.
 27354 | Spider:2 | Found a runed translucent gate.
 27355 | Spider:2 | Found a runed translucent gate.
 27356 | Spider:2 | Noticed Situkk's ghost (journeyman GrFi)
 27356 | Spider:2 | Noticed Seatz's ghost (journeyman MiBe)
 27379 | Spider:2 | Killed Seatz's ghost
 27391 | Spider:2 | Killed Situkk's ghost
 27524 | Spider:3 | Reached skill level 5 in Stealth
 27549 | Spider:4 | Entered Level 4 of the Spider Nest
 27616 | Spider:3 | Identified the +1 ring mail of Leaves {rC+}
 28144 | Spider:3 | Received a gift from Okawaru
 28699 | Spider:4 | Reached skill level 20 in Fighting
 29423 | Spider:4 | Received a gift from Okawaru
 30041 | Spider:4 | Reached XP level 18. HP: 123/131 MP: 0/22
 30232 | Spider:4 | Got a gossamer rune of Zot
 30624 | D:12     | Received a gift from Okawaru
 30792 | D:12     | Noticed Fannar
 30806 | D:12     | Killed Fannar
 31141 | D:12     | Identified the +12 falchion "Noraitug" {drain, Will+}
 32068 | D:13     | Reached skill level 10 in Stealth
 32487 | D:15     | Entered Level 15 of the Dungeon
 32570 | D:15     | Identified the granite talisman "Puhimifa" {Fly rF+++ Str-3
                  | Int-4}
 32570 | D:15     | Noticed Roxanne
 32581 | D:15     | Killed from afar by Roxanne

Illustrated notes

Levels and vault maps discovered:
D:1:      kilobyte_arrival_exit_the_forest, layout_basic
D:2:      layout_basic, basic_altar
D:3:      layout_loops_ring, gup_sewer_entry_bowl, st_stairs_8
D:4:      layout_rooms, minmay_temple_entry_fiery, uniq_ijyb, uniq_pikel,
          uniq_robin
D:5:      layout_cave_pods, st_stairs_1
D:6:      layout_rooms, kennysheep_little_box
D:7:      layout_loops_ring
D:8:      layout_basic, nicolae_sif_muna_condensation,
          corexii_mini_fake_secret_closet, minmay_misc_feat_five
D:9:      layout_irregular_city, erik_lair_orcish_takeover, minmay_crystal_room
D:10:     layout_roguey [special_room_bee],
          nicolae_overflow_hallway_of_the_gods, serial_shops,
          nicolae_shop_statue_plus, grunt_decor_cap
D:11:     layout_irregular_city, minmay_orc_entry_temple_small
D:12:     layout_irregular_city, chequers_arboretum, uniq_fannar
D:13:     layout_stronghold, nicolae_fountain_basement
D:14:     layout_basic, hellmonk_vaults_keyhole, hangedman_decor_slide_cut,
          fedhas_altar_4
D:15:     hellmonk_depths_entry_around_the_bend, layout_basic,
          nemelex_spade_bored_becter, uniq_rupert, uniq_roxanne
Temple:   zaba_magenta_temple
Lair:1:   layout_cave_shapes, basic_altar
Lair:2:   layout_cave_pods, disabler_island, infiniplex_staircase_pool,
          serial_bayou_shore_b
Lair:3:   layout_cave_pods, swamp_mist_pool, spider_nest_entry_rubble,
          nicolae_volcano_entry_hallway, minmay_holes, lemuel_fruit_fields,
          serial_bayou_shore_a, grunt_megastairs_3, lemuel_fruit_fields
Lair:4:   layout_small_grid, grunt_megastairs_5
Lair:5:   minmay_lair_end_frog_pond, layout_regular_city,
          minmay_slime_entry_oklob_open
Swamp:1:  layout_basic_swamp, gammafunk_ghost_mausoleum, nicolae_swamp_godswood,
          swamp_pool_3
Swamp:2:  layout_falls_marsh, portal_ice_cave_entry_ice_statue_two,
          evilmike_swamp_ruin_house_5, swamp_pool_1_2,
          infiniplex_staircase_pool_2
Swamp:3:  layout_basic_swamp, evilmike_swamp_ruin_house_4, uniq_louise
Swamp:4:  swamp_alternative, layout_basic_swamp, swamp_pool_1_2,
          roderic_carrion_pond, nicolae_swamp_decorative_isthmus
Spider:1: layout_spider_delve
Spider:2: layout_spider_delve, gammafunk_ghost_cemetery,
          hellmonk_spider_spawner, uniq_donald, uniq_arachne
Spider:3: layout_spider_delve, nicolae_spider_nooks_and_crannies
Spider:4: grunt_spider_rune_circles, drop_trap
Orc:1:    layout_caves, serial_shops, shop, uniq_erica, uniq_jorgrun,
          uniq_harold
Orc:2:    st_orc_congregation, layout_caves, serial_shops, shop, mines1_david,
          uniq_erolcha

Skill      XL: |  1  2  3  4  5  6  7  8  9 10 11 12 13 14 15 16 17 18 |
---------------+-------------------------------------------------------+-----
Fighting       | 4 5 6 7 8 9 11 12 14 15 17 19 20 | 20.9
Armour         | 4 5 6 7 8 9 11 12 14 15 16 | 16.0
Maces & Flails | 3 4 5 6 7 8 10 11 12 14 | 14.0
Throwing       | 1 2 4 5 7 8 10 12 13 14 | 14.2
Invocations    | 5 6 |  6.0
Stealth        | 3 8 10 | 10.1
Shields        | |  3.2

Action                     |  1- 3 |  4- 6 |  7- 9 | 10-12 | 13-15 | 16-18 || total
---------------------------+-------+-------+-------+-------+-------+-------++-------
  Melee: Flail             |   102 |   270 |   209 |    12 |       |       ||   593
         Mace              |       |       |   106 |   509 |   498 |       ||  1113
         Great mace        |       |       |       |    90 |   130 |    27 ||   247
         Punch             |       |       |       |     2 |     5 |       ||     7
         Dire flail        |       |       |       |       |   896 |  1458 ||  2354
  Throw: Dart              |       |       |    31 |    26 |    48 |       ||   105
         Boomerang         |       |       |       |       |    21 |   146 ||   167
 Invoke: Heroism           |       |       |     2 |     9 |    17 |    12 ||    40
         Finesse           |       |       |       |     4 |     8 |     9 ||    21
  Evoke: Wand              |       |       |       |     1 |     2 |       ||     3
    Use: Scroll            |       |     9 |     8 |     9 |    10 |     9 ||    45
         Potion            |       |       |     3 |     1 |     3 |     4 ||    11
   Stab: Paralysed         |       |       |       |     3 |       |       ||     3
         Held in net/web   |       |       |       |     1 |       |       ||     1
         Invisible         |       |       |       |       |       |     2 ||     2
 Armour: Scale mail        |    98 |   195 |   307 |       |       |       ||   600
         Plate armour      |       |       |    30 |   518 |  1228 |   229 ||  2005
         Gold dragon scale |       |       |       |       |       |  1463 ||  1463
  Dodge: Dodged            |    64 |   125 |   189 |   318 |   608 |   860 ||  2164
  Block: Buckler           |    25 |    59 |    66 |       |       |       ||   150
         Other             |       |       |       |    31 |   267 |   176 ||   474
         Reflection        |       |       |       |       |    10 |     1 ||    11
